 Dungeon Sprint DCSS version 0.31-a0-4-gefa6de2278 (webtiles) character file.

Game seed: 2111917466083429636

160 sircluck the Trooper (level 5, 0/53 HPs)
             Began as a Hill Orc Fighter on May 4, 2023.
             Slain by a phantom (2 damage)
             ... in the Dungeon (Sprint IX: "|||||||||||||||||||||||||||||").
             The game lasted 00:00:31 (91 turns).

sircluck the Trooper (Hill Orc Fighter)               Turns: 91, Time: 00:00:32

Health: 0/53       AC:  7    Str: 21    XL:     5   Next: 41%
Magic:  5/5        EV:  9    Int:  8    God:
Gold:   0          SH:  5    Dex: 10    Spells: 4/4 levels left

rFire   . . .        a - +0 war axe
rCold   . . .        c - +0 buckler
rNeg    . . .        b - +0 scale mail
rPois   .            (no helmet)
rElec   .            (no cloak)
rCorr   .            (no gloves)
SInv    .            (no boots)
Will    .....        (no amulet) Stlth
                     (no ring)
HPRegen 0.28/turn    (no ring)
MPRegen 0.09/turn

%: no teleportation
@: mighty
A: no striking features
a: no special abilities


You were in the Dungeon.
You visited 1 branch

Inventory:

Hand Weapons
 a - a +0 war axe (weapon)
Armour
 b - a +0 scale mail (worn)
 c - a +0 buckler (worn)
Potions
 g - a potion of haste
 h - 2 potions of magic
 i - a potion of berserk rage


   Skills:
 + Level 7.6 Fighting
 + Level 7.0 Axes
 + Level 6.2 Armour
 + Level 0.4 Dodging
 + Level 6.8 Shields


You had 4 spell levels left.
You didn't know any spells.
Your spell library was empty.

Dungeon Overview and Level Annotations

Branches:
Dungeon (1/1)

Altars:


Message History

You closely miss the water moccasin.
The water moccasin bites you but does no damage.
The water moccasin barely misses you.
You slash the water moccasin!
The water moccasin is moderately wounded.
You block the water moccasin's attack.
The water moccasin bites you but does no damage.
You barely miss the water moccasin.
The water moccasin is moderately wounded.
The water moccasin bites you but does no damage.
The water moccasin bites you!
* * * LOW HITPOINT WARNING * * *
You slash the water moccasin!
The water moccasin is almost dead.
The water moccasin barely misses you.
You barely miss the water moccasin.
The water moccasin is almost dead.
The water moccasin barely misses you. The water moccasin closely misses you.
You miss the water moccasin.
The water moccasin is severely wounded.
The water moccasin bites you.
* * * LOW HITPOINT WARNING * * *
You block the water moccasin's attack.
You slash the water moccasin!
You kill the water moccasin!
Your Fighting skill increases to level 7!
Your Axes skill gained 3 levels and is now at level 7!
Your Armour skill increases to level 6!
Your Shields skill increases to level 6!
You have reached level 4!
You have reached level 5!
You feel stronger.
You slash the phantom!
The phantom is moderately damaged.
The phantom hits you.
* * * LOW HITPOINT WARNING * * *
You closely miss the phantom.
The phantom is moderately damaged.
The phantom hits you.
You die...

▓.▓
▓.▓
▓.▓
▓.▓
▓†▓
▓.▓
▓.▓
▓W▓
▓@▓
▓▓▓


You could see a phantom.

Vanquished Creatures
  A water moccasin (D)
  A howler monkey (D)
  A shadow imp (D)
  2 ball pythons (D)
  A bat (D)
  An endoplasm (D)
  2 quokkas (D)
9 creatures vanquished.

Notes
Turn   | Place    | Note
-------+----------+-------------------------------------------
     0 | D        | sircluck the Hill Orc Fighter began the quest for the Orb.
     0 | D        | Reached XP level 1. HP: 19/19 MP: 1/1
    13 | D        | Reached XP level 2. HP: 19/28 MP: 2/2
    56 | D        | Noticed a phantom
    56 | D        | Noticed a water moccasin
    56 | D        | Noticed a howler monkey
    68 | D        | Killed a howler monkey
    69 | D        | Reached skill level 5 in Armour
    69 | D        | Reached skill level 5 in Shields
    69 | D        | Reached XP level 3. HP: 27/37 MP: 3/3
    89 | D        | Killed a water moccasin
    90 | D        | Reached XP level 4. HP: 6/48 MP: 4/4
    90 | D        | Reached XP level 5. HP: 6/53 MP: 5/5
    90 | D        | HP: 2/53 [phantom (5)]
    91 | D        | Slain by a phantom

Illustrated notes

Levels and vault maps discovered:
D:        linesprint [early_d, line_temple, items_1, d_10, items_2, lair_1,
          lair_end, items_3, orc_1, orc_end, items_4, d_15, swamp_1, shoals_1,
          snake_1, spider_1, d_20, vaults_1, items_5, swamp_end, shoals_end,
          snake_end, spider_end, vaults_end, d_27, items_6, zot_1, zot_end,
          crypt_end, forest_end, elf_end, slime_end, tomb_end, abyss_end,
          pan_hell_end]

Skill      XL: |  1  2  3 |
---------------+----------+-----
Fighting       | 4 6 7 |  7.6
Axes           | 3 4 7 |  7.0
Armour         | 4 5 6 |  6.2
Shields        | 5 6 |  6.8
Dodging        | |  0.4

Action                     |  1- 3 |  4- 6 || total
---------------------------+-------+-------++-------
  Melee: War axe           |    35 |     2 ||    37
    Use: Potion            |     3 |       ||     3
         Scroll            |     1 |       ||     1
 Armour: Scale mail        |    14 |       ||    14
  Dodge: Dodged            |    13 |       ||    13
  Block: Buckler           |    11 |       ||    11

Table legend: (Time is in decaauts)
 A = Elapsed time spent in this place.
 B = Non-inter-level travel time spent in this place.
 C = Inter-level travel time spent in this place.
 D = Time resting spent in this place.
 E = Time spent auto-exploring this place.
 F = Levels seen in this place.
 G = Mean time per level.
                   A        B        C        D        E       F      G
               +--------+--------+--------+--------+--------+-----+--------+
         Total |    103 |    103 |      0 |      0 |     46 |   1 |  103.0 |
       Dungeon |    103 |    103 |      0 |      0 |     46 |   1 |  103.0 |
               +--------+--------+--------+--------+--------+-----+--------+

Top non-repeatable levels by time:
       D: 103 daAuts
